 Dungeon Crawl Stone Soup version 0.29.0-11-gd7f09526c8 (webtiles) character file.

Game seed: 15475908103851528426

24074 Jackthecabe the Cruncher (level 13, 0/113 HPs)
             Began as a Formicid Fighter on Sept 6, 2022.
             Was a Priest of Ashenzari.
             Slain by a two-headed ogre
             ... wielding a +0 giant club
              (7 damage)
             ... on level 1 of the Orcish Mines.
             The game lasted 00:30:07 (19080 turns).

Jackthecabe the Cruncher (Formicid Fighter)        Turns: 19080, Time: 00:30:07

Health: 0/113      AC: 25    Str: 22    XL:     13   Next: 40%
Magic:  13/13      EV: 11    Int: 20    God:    Ashenzari [***...]
Gold:   1274       SH:  5    Dex: 13    Spells: 12/12 levels left

rFire   + . .      SeeInvis +   a - +0 quarterstaff
rCold   + . .      Faith    .   c - +0 buckler of Ashenzari's Planets {Evo, Range} (curse)
rNeg    + . .      Spirit   .   w - +8 chain mail "Shackled Desperation" {Str-2 Int+4, Self, Fort} (curse)
rPois   .          Reflect  .   (helmet unavailable)
rElec   .          Harm     .   l - scarf {rC+ rF+}
rCorr   .          Rampage  .   m - +0 pair of gloves of the Eye in the Sky {Comp, Self} (curse)
Will    +....      Clarity  +   x - +2 pair of boots
Stlth   ..........              (no amulet)
HPRegen 0.28/turn               I - +6 ring of intelligence
MPRegen 0.13/turn               N - ring of the Lashed Augurer {rN+, Evo, Elem} (curse)

@: no status effects
A: permanent stasis, dig shafts and tunnels, antennae 3, four strong arms
a: Dig, Shaft Self, Renounce Religion, Curse Item, Shatter the Chains


You were on level 1 of the Orcish Mines.
You worshipped Ashenzari.
Ashenzari was most pleased with you.
You visited 3 branches of the dungeon, and saw 14 of its levels.

You collected 1274 gold pieces.


Innate Abilities, Weirdness & Mutations

You cannot be hasted, slowed, berserked, paralysed or teleported.
You can dig through walls and to a lower floor.
You have a pair of large antennae on your head. (SInv)
Your four strong arms can wield two-handed weapons with a shield.


   Skills:
 + Level 11.8(14.2) Fighting
 - Level 2.0(9.3) Maces & Flails
 - Level 14.0 Staves
 - Level 9.4(11.0) Armour
 - Level 8.0 Dodging
 - Level 5.0(6.5) Shields
 - Level 5.6(8.0) Evocations


You had 12 spell levels left.
You didn't know any spells.
Your spell library was empty.

Inventory:

Hand Weapons
 a - a +0 quarterstaff (weapon)
 H - a +2 morningstar of protection
Missiles
 i - 52 poisoned darts
Armour
 b - a +0 scale mail
 c - the cursed +0 buckler of Ashenzari's Planets (worn) {Evo, Range}

   It has a curse which improves the following skills: Evocations: Evocations.
   Ranged Combat: Ranged Weapons and Throwing.
 l - a scarf of resistance (worn)
 m - the cursed +0 pair of gloves of the Eye in the Sky (worn) {Comp, Self}
   (You found it on level 6 of the Dungeon)

   It has a curse which improves the following skills: Companions: Summonings
   and Necromancy.
   Introspection: Fighting and Spellcasting.
 o - a +1 cloak
 w - the cursed +8 chain mail "Shackled Desperation" (worn) {Str-2 Int+4, Self, Fort}
   (You found it on level 4 of the Dungeon)

   Str:       It affects your strength (-2).
   Int:       It affects your intelligence (+4).
   It has a curse which improves the following skills: Introspection: Fighting
   and Spellcasting.
   Fortitude: Armour and Shields.
 x - a +2 pair of boots (worn)
Magical Staves
 J - a staff of fire {!a}
Jewellery
 F - a ring of fire
 I - a +6 ring of intelligence (left hand)
 N - the cursed ring of the Lashed Augurer (right hand) {rN+, Evo, Elem}
   (You found it on level 10 of the Dungeon)

   [ring of positive energy]

   rN:        It protects you from negative energy.
   It has a curse which improves the following skills: Evocations: Evocations.
   Elements:  Fire Magic, Ice Magic, Air Magic and Earth Magic.
Wands
 p - a wand of digging (14)
 B - a wand of iceblast (3)
Scrolls
 f - 4 scrolls of butterflies
 g - 2 scrolls of magic mapping
 j - 2 scrolls of vulnerability
 k - 5 scrolls of enchant weapon
 r - 3 scrolls of immolation
 s - 3 scrolls of fear
 C - 2 scrolls of amnesia
Potions
 d - a potion of cancellation
 e - 5 potions of curing {@q1}
 h - 4 potions of mutation
 n - 2 potions of magic
 t - a potion of resistance
 u - 3 potions of attraction
 z - 2 potions of flight
 D - a potion of might
 E - 2 potions of brilliance
 G - a potion of invisibility
 L - 2 potions of heal wounds {@q2}

Dungeon Overview and Level Annotations

Branches:
Dungeon (11/15)            Temple (1/1) D:6            Lair (0/5) D:8
    Orc (2/2) D:11            Elf (0/3) Orc:2

Altars:
Ashenzari
Cheibriados
Dithmenos
Elyvilon
Fedhas
Gozag
Hepliaklqana
Kikubaaqudgha
Makhleb
Nemelex Xobeh
Okawaru
Qazlal
Ru
Sif Muna
Trog
Uskayaw
Vehumet
Wu Jian
Xom
Yredelemnul
Zin
The Shining One

Shops:
D:3 *   D:6 :

Annotations:
D:7 3 runed translucent doors

##....#.........#......##
##......................##
#...................#....##
##........................###
#...........................####
##.#.........................#..
##.#........[[.................
#.......##..>..).......#.......
##..........[[)@.......##......#
#...#........[O.......##........
##.#.........(.[..............#.
##...............................
..#..............................
............................#...#
.................#...#...^.......
...#.................#...#......#
....#.[[............#.....#....##


You could see a two-headed ogre (fast, poisoned).


Message History

Aim: a two-headed ogre, wielding two +0 giant clubs (heavily wounded, fast)
The mass of ice explodes!
The iceblast engulfs the two-headed ogre!!
The two-headed ogre is almost dead.
Non-targeted abil: Dig
Press: ? - help, Q - select action, (/) - cycle Dir - look around, f - activate You extend your mandibles.
Throw: 54 darts (poison)
Press: ? - help, Shift-Dir - straight line, f - two-headed ogre
Aim: a two-headed ogre, wielding two +0 giant clubs (almost dead, fast, 78% to hit)
You throw a poisoned dart.
The poisoned dart closely misses the two-headed ogre.
Throw: 53 darts (poison)
Press: ? - help, Shift-Dir - straight line, f/p - two-headed ogre
Aim: a two-headed ogre, wielding two +0 giant clubs (almost dead, fast, 78% to hit)
You throw a poisoned dart.
The poisoned dart hits the two-headed ogre.
The two-headed ogre is poisoned.
The two-headed ogre is almost dead.
The two-headed ogre hits you with a +0 giant club!!
* * * LOW HITPOINT WARNING * * *
You block the two-headed ogre's attack.
Unknown command.
You retract your mandibles.
You barely miss the two-headed ogre.
The two-headed ogre is almost dead.
Unknown command.
You hit the two-headed ogre.
The two-headed ogre is almost dead.
The two-headed ogre hits you with a +0 giant club!
You die...

Skill      XL: |  1  2  3  4  5  6  7  8  9 10 11 12 13 |
---------------+----------------------------------------+-----
Staves         | 3 4 5 7 8 10 12 14 | 14.0
Fighting       | 7 8 9 10 11 | 11.8
Armour         | 5 8 9 |  9.4
Dodging        | 3 4 5 8 |  8.0
Shields        | 5 |  5.0
Evocations     | 4 5 |  5.6
Maces & Flails | 2 |  2.0

Action                   |  1- 3 |  4- 6 |  7- 9 | 10-12 | 13-15 || total
-------------------------+-------+-------+-------+-------+-------++-------
Melee: Quarterstaff      |   111 |    90 |   380 |   955 |   199 ||  1735
Throw: Dart              |       |       |       |    18 |     4 ||    22
       Throwing net      |       |       |       |       |     1 ||     1
Invok: Curse Item        |       |       |     1 |     3 |       ||     4
 Abil: Dig               |       |       |       |     1 |     1 ||     2
Evoke: Wand              |       |       |       |    15 |     2 ||    17
  Use: Potion            |       |       |     1 |     1 |       ||     2
       Scroll            |       |       |       |       |     1 ||     1
 Stab: Distracted        |       |       |       |       |     1 ||     1
       Fleeing           |       |       |       |       |     1 ||     1
Armor: Scale mail        |    55 |    27 |    13 |       |       ||    95
       Chain mail        |       |       |   162 |   468 |    63 ||   693
       Skin              |       |       |       |    25 |       ||    25
Dodge: Dodged            |    50 |    34 |   118 |   348 |    65 ||   615
Block: Buckler           |    30 |    18 |    73 |   224 |    40 ||   385

Levels and vault maps discovered:
D:1:      dpeg_arrival_refuge, layout_rooms
D:2:      layout_basic, serial_forest, infiniplex_forest_straight_2,
          infiniplex_forest_lined_4_way, infiniplex_forest_lined_ring,
          infiniplex_forest_side_room, infiniplex_forest_straight_2,
          infiniplex_forest_lined_3, infiniplex_forest_end_3,
          amcnicky_mini_corridor_feature
D:3:      layout_loops_ring, serial_shops, nicolae_shop_overgrown_old_shop,
          uniq_grinder
D:4:      layout_loops_ring, dk_rats_in_the_wall
D:5:      layout_cave_pools, mainiacjoe_overflow_small_starburst,
          mainiacjoe_overflow_brackets, kennysheep_small_spiral,
          kennysheep_generic_room_11, uniq_pikel, uniq_eustachio
D:6:      layout_basic, makhleb_blood_cavern_becter,
          minmay_temple_entry_butterflies, roderic_serpentine_path,
          nicolae_shop_i_like_big_books
D:7:      minmay_the_grid_triangle_9x9_rhombus_full
          [minmay_the_grid_triangle_9x9_alien,
          minmay_the_grid_triangle_9x9_zippers_horizontal,
          minmay_the_grid_triangle_9x9_flanged_cone,
          minmay_the_grid_triangle_9x9_shrine,
          minmay_the_grid_triangle_9x9_cache,
          minmay_the_grid_triangle_9x9_fully_insulated_deathbox,
          minmay_the_grid_triangle_9x9_pentomino_pain,
          minmay_the_grid_triangle_9x9_prize_special], layout_rooms,
          good_gods_temple_1, lemuel_blue_sif_altar,
          lemuel_coloured_pillars_altar
D:8:      layout_basic, fedhas_bush_and_centaur_altar, kennysheep_little_box,
          erik_lair_island, uniq_joseph
D:9:      layout_rooms, grunt_temple_overflow_bloody_war,
          hangedman_decor_clover_reticule, st_stairs_2, minmay_between
D:10:     dreamdust_cave_troll, layout_basic, gammafunk_temple_overflow_pools,
          special_room [special_room_kobold], uniq_josephine
D:11:     layout_stronghold, orc_0_dummy
Temple:   hellmonk_temple_beads
Orc:1:    layout_caves, basic_altar
Orc:2:    st_orc_ogre_mass, layout_diamond_mine, basic_altar

Notes
Turn   | Place    | Note
-------+----------+-------------------------------------------
     0 | D:1      | Jackthecabe the Formicid Fighter began the quest for the
                  | Orb.
     0 | D:1      | Reached XP level 1. HP: 18/18 MP: 1/1
   105 | D:1      | Reached XP level 2. HP: 23/24 MP: 2/2
   337 | D:1      | Reached skill level 3 in Staves
   542 | D:1      | Reached XP level 3. HP: 26/29 MP: 3/3
   869 | D:2      | Identified a scarf of resistance
  1413 | D:2      | Reached skill level 4 in Staves
  1413 | D:2      | Reached XP level 4. HP: 27/35 MP: 4/4
  2170 | D:3      | Found Powakk's Assorted Antiques.
  2241 | D:3      | Reached XP level 5. HP: 22/41 MP: 5/5
  2468 | D:3      | Reached skill level 5 in Staves
  2513 | D:3      | Noticed a centaur
  2530 | D:3      | Killed a centaur
  2531 | D:3      | Reached XP level 6. HP: 44/47 MP: 6/6
  2971 | D:3      | Noticed Grinder
  2982 | D:3      | Killed Grinder
  2983 | D:3      | Reached skill level 7 in Staves
  2983 | D:3      | Reached XP level 7. HP: 31/52 MP: 7/7
  3604 | D:4      | Reached skill level 8 in Staves
  3782 | D:4      | Identified the +8 chain mail of Ofif {Str-2 Int+4}
  3816 | D:4      | Reached XP level 8. HP: 12/58 MP: 8/8
  4424 | D:4      | Reached skill level 9 in Staves
  4709 | D:5      | Entered Level 5 of the Dungeon
  4789 | D:5      | You fall into a shaft and drop 1 floor!
  4875 | D:5      | Found an ancient bone altar of Kikubaaqudgha.
  4917 | D:5      | Noticed Eustachio
  5070 | D:5      | Killed Eustachio
  5155 | D:5      | Reached skill level 10 in Staves
  5155 | D:5      | Reached skill level 4 in Fighting
  5216 | D:5      | Found a shadowy altar of Dithmenos.
  5351 | D:5      | Noticed Pikel
  5561 | D:5      | Killed Pikel
  5562 | D:5      | Reached skill level 7 in Fighting
  5562 | D:5      | Reached XP level 9. HP: 23/72 MP: 9/9
  5820 | D:6      | Found a staircase to the Ecumenical Temple.
  5832 | Temple   | Entered the Ecumenical Temple
  5968 | Temple   | Became a worshipper of Ashenzari the Shackled
  6224 | D:6      | Reached skill level 8 in Fighting
  6244 | D:6      | Reached skill level 4 in Armour
  6320 | D:6      | Found Niroirem's Tremendous Tomes.
  6690 | D:6      | Found a burning altar of Makhleb.
  6707 | D:6      | Reached skill level 5 in Armour
  6789 | D:7      | Reached skill level 1 in Dodging
  6887 | D:7      | Reached skill level 2 in Dodging
  7159 | D:7      | Reached skill level 3 in Dodging
  7190 | D:7      | Found a glowing golden altar of the Shining One.
  7191 | D:7      | Found a glowing silver altar of Zin.
  7192 | D:7      | Found a white marble altar of Elyvilon.
  7335 | D:7      | Reached XP level 10. HP: 82/82 MP: 10/10
  7337 | D:7      | Noticed a two-headed ogre
  7338 | D:7      | Reached skill level 4 in Dodging
  7510 | D:7      | Reached skill level 5 in Shields
  7705 | D:7      | Found a shimmering blue altar of Sif Muna.
  7814 | D:7      | Reached skill level 9 in Fighting
  8028 | D:7      | Reached skill level 6 in Armour
  8145 | D:7      | Found a runed translucent door.
  8146 | D:7      | Found a runed translucent door.
  8146 | D:7      | Noticed a two-headed ogre
  8146 | D:7      | Noticed an unseen horror
  8147 | D:7      | Found a runed translucent door.
  8250 | D:7      | Killed a two-headed ogre
  8251 | D:7      | Reached skill level 7 in Armour
  8251 | D:7      | Reached skill level 2 in Evocations
  8436 | D:7      | Reached skill level 3 in Evocations
  8529 | D:7      | Found a sacrificial altar of Ru.
  8666 | D:7      | Identified the ring "Peratos" {Fly SInv}
  8666 | D:7      | Noticed a kobold demonologist
  8800 | D:8      | Reached * piety under Ashenzari
  8834 | D:8      | Found a blossoming altar of Fedhas.
  8945 | D:8      | Reached skill level 4 in Evocations
  9078 | D:8      | Found a staircase to the Lair.
  9095 | D:8      | Reached skill level 8 in Armour
  9095 | D:8      | Reached XP level 11. HP: 62/92 MP: 11/11
  9114 | D:8      | Reached skill level 10 in Fighting
  9961 | D:8      | Noticed Joseph
  9993 | D:8      | Killed Joseph
 10268 | D:8      | Found a snail-covered altar of Cheibriados.
 10785 | D:8      | Reached skill level 5 in Dodging
 11221 | D:9      | Identified the cursed +0 pair of gloves of the Eye in the
                  | Sky {Comp, Self} (You found it on level 6 of the Dungeon)
 11587 | D:9      | Noticed a two-headed ogre
 11603 | D:9      | Killed a two-headed ogre
 11816 | D:9      | Reached skill level 11 in Staves
 12234 | D:9      | Noticed a two-headed ogre
 12257 | D:9      | Killed a two-headed ogre
 12379 | D:9      | Found an iron altar of Okawaru.
 12379 | D:9      | Found a bloodstained altar of Trog.
 12453 | D:10     | Entered Level 10 of the Dungeon
 12537 | D:10     | Noticed Josephine
 12552 | D:10     | Killed Josephine
 12568 | D:10     | Reached skill level 12 in Staves
 12615 | D:10     | Reached XP level 12. HP: 85/102 MP: 12/12
 13221 | D:10     | Reached ** piety under Ashenzari
 13316 | D:10     | Reached skill level 13 in Staves
 13801 | D:10     | Found an ornate altar of the Wu Jian Council.
 13801 | D:10     | Found a stormy altar of Qazlal.
 14002 | D:10     | Noticed a deep troll
 14016 | D:10     | Killed a deep troll
 14448 | D:11     | Reached skill level 14 in Staves
 14615 | D:11     | Reached *** piety under Ashenzari
 14675 | D:11     | Reached skill level 11 in Fighting
 15032 | D:11     | Identified the +1 chain mail of the Tick {rF+ Dex+5}
 15033 | D:11     | Noticed a four-headed hydra
 15033 | D:11     | Noticed a boulder beetle
 15045 | D:11     | Killed a four-headed hydra
 15072 | D:11     | Killed a boulder beetle
 15216 | D:11     | Found a staircase to the Orcish Mines.
 15283 | D:11     | Reached skill level 1 in Maces & Flails
 15471 | Orc:1    | Entered Level 1 of the Orcish Mines
 15965 | Orc:2    | Entered Level 2 of the Orcish Mines
 15971 | Orc:2    | Noticed a two-headed ogre
 15990 | Orc:1    | Reached skill level 2 in Maces & Flails
 16185 | Orc:1    | Reached skill level 9 in Armour
 16484 | Orc:2    | Identified a +2 robe of resistance
 16549 | Orc:2    | Noticed a sun demon
 16690 | Orc:2    | Noticed a soul eater
 16724 | Orc:1    | Reached XP level 13. HP: 40/113 MP: 13/13
 17486 | Orc:2    | Reached skill level 6 in Dodging
 17539 | Orc:2    | Found a staircase to the Elven Halls.
 18025 | Orc:2    | Noticed an ogre mage
 18076 | Orc:1    | Reached skill level 7 in Dodging
 18664 | Orc:2    | Noticed an ogre mage
 18673 | Orc:2    | Killed an ogre mage
 18674 | Orc:2    | Reached skill level 8 in Dodging
 18692 | Orc:2    | Noticed an ogre mage
 18692 | Orc:2    | Noticed an ogre mage
 18693 | Orc:2    | Reached skill level 5 in Evocations
 19078 | Orc:1    | HP: 7/113 [two-headed ogre/+0 giant club (22)]
 19080 | Orc:1    | Slain by a two-headed ogre

Vanquished Creatures
  Josephine (D:10)
  A boulder beetle (D:11)
  A hydra (D:11)
  7 two-headed ogres
  An ogre mage (Orc:2)
  A deep troll (D:10)
  Pikel (D:5)
  2 orc knights
  An orc sorcerer (Orc:1)
  A manticore (D:11)
  Joseph (D:8)
  3 kobold demonologists
  Grinder (D:3)
  7 trolls
  A hornet (D:7)
  10 yaks
  6 wyverns
  A steam dragon (D:7)
  Eustachio (D:5)
  5 wraiths (D:10)
  A water moccasin (D:7)
  3 wargs
  An acid dragon (D:11)
  An ice beast (D:7)
  11 orc warriors
  2 sky beasts
  15 ogres
  A black bear (D:5)
  3 wolves (D:8)
  8 centaurs
  4 lemures
  A phantom (D:7)
  12 kobold brigands
  A gnoll sergeant (D:6)
  7 bullfrogs
  3 necrophages
  4 scorpions
  4 wights (D:8)
  12 killer bees
  3 electric eels (D:8)
  7 howler monkeys
  7 hounds
  A gnoll bouda (D:4)
  15 orc priests
  6 iguanas
  13 orc wizards
  A hound skeleton (D:6)
  15 gnolls
  8 adders
  3 shadow imps
  A white imp (D:6)
  3 ufetubi
  2 worms
  3 dart slugs
  54 orcs
  5 ball pythons
  4 bats (D:1)
  5 endoplasms
  4 giant cockroaches
  6 goblins
  9 hobgoblins
  6 jackals (D:1)
  2 frilled lizards (D:3)
  20 kobolds
  6 rats
  A butterfly (D:6)
357 creatures vanquished.

Vanquished Creatures (others)
  An orc (D:8)
  A kobold (D:9)
  3 plants (D:2)
5 creatures vanquished.

Grand Total: 362 creatures vanquished

Table legend: (Time is in decaauts)
 A = Elapsed time spent in this place.
 B = Non-inter-level travel time spent in this place.
 C = Inter-level travel time spent in this place.
 D = Time resting spent in this place.
 E = Time spent auto-exploring this place.
 F = Levels seen in this place.
 G = Mean time per level.
                   A        B        C        D        E       F      G
               +--------+--------+--------+--------+--------+-----+--------+
         Total |  18752 |  18310 |    442 |   4968 |  10193 |  14 | 1339.4 |
       Dungeon |  15182 |  14854 |    328 |   2684 |   9581 |  11 | 1380.2 |
        Temple |    167 |     92 |     75 |      0 |     83 |   1 |  167.0 |
  Orcish Mines |   3402 |   3364 |     38 |   2284 |    529 |   2 | 1701.0 |
               +--------+--------+--------+--------+--------+-----+--------+

Top non-repeatable levels by time:
   Orc:1: 2513 daAuts
     D:8: 2223 daAuts
     D:7: 1960 daAuts
    D:10: 1678 daAuts
     D:3: 1504 daAuts
     D:9: 1411 daAuts
     D:4: 1351 daAuts
    D:11: 1314 daAuts
     D:2: 1171 daAuts
     D:5: 907 daAuts
   Orc:2: 888 daAuts
     D:6: 829 daAuts
     D:1: 829 daAuts
  Temple: 167 daAuts

Table legend:
 A = Non-vault XP
 B = Vault XP
 C = Vault XP percentage of total XP
 D = Non-vault monster count
 E = Vault monster count
 F = Vault count percentage of total count
                 A         B        C        D         E       F
            +---------+---------+-------+---------+---------+-------
      Total |   19626 |   14766 |  42.9 |     277 |      75 |  21.3
            +---------+---------+-------+---------+---------+-------
        D:1 |      43 |       0 |   0.0 |      23 |       0 |   0.0
        D:2 |      37 |       0 |   0.0 |      13 |       0 |   0.0
        D:3 |     321 |     290 |  47.5 |      26 |       1 |   3.7
        D:4 |     590 |       0 |   0.0 |      24 |       0 |   0.0
        D:5 |     263 |     896 |  77.3 |       9 |       3 |  25.0
        D:6 |     757 |     106 |  12.3 |      17 |       2 |  10.5
        D:7 |    1484 |    2037 |  57.9 |      30 |      18 |  37.5
        D:8 |    1886 |    1312 |  41.0 |      22 |       9 |  29.0
        D:9 |    1967 |    1722 |  46.7 |      13 |       6 |  31.6
       D:10 |    2208 |    3883 |  63.7 |      18 |      22 |  55.0
       D:11 |    4442 |       0 |   0.0 |      21 |       0 |   0.0
      Orc:1 |    3036 |    1783 |  37.0 |      34 |       3 |   8.1
      Orc:2 |    2592 |    2737 |  51.4 |      27 |      11 |  28.9
            +---------+---------+-------+---------+---------+-------
